Cogmind - Beta 15 @@@ ROGUE MODE // 2025.05.26 @ 14:41:00 Player: SunShine214 Result: Destroyed by D-53 Grenadier with Mini Grenade Launcher Performance ------------- Evolutions (0) 0 Regions Visited (4) 800 Robots Destroyed (19) 95 Value Destroyed (323) 323 Prototype IDs (5) 100 Alien Tech Used (0) 0 Bonus (0) 0 TOTAL SCORE: 1318 Bonus ------- None Cogmind --------- Core Integrity 0/250 Matter 245/300 Energy 100/100 System Corruption 3% Temperature Cool (0) Movement Hovering (120) Ox1 Location -9/Mines Parts ------- > --- POWER (1) -------- (None) > --- PROPULSION (2) --- Gravmag System > --- UTILITY (2) ------ Medium Storage Unit Makeshift Hacking Suite > --- WEAPON (2) ------- Heavy Assault Rifle Makeshift Shrapnel Gun > --- INVENTORY (10) --- Light Nuclear Core Scrap Suit Improved Heat Sink Experimental Sensor Array Makeshift Salvage Targeting Computer Target Analyzer Sensor Drone Bay Datajack Makeshift Spear Peak State ------------ > --- POWER ------------ Ion Engine > --- PROPULSION ------- Gravmag System Gravmag System > --- UTILITY ---------- Medium Storage Unit Makeshift Hacking Suite > --- WEAPON ----------- Heavy Assault Rifle Makeshift Shrapnel Gun > --- INVENTORY -------- Light Nuclear Core Scrap Suit Improved Heat Sink Experimental Sensor Array Makeshift Salvage Targeting Computer Target Analyzer Sensor Drone Bay Datajack Makeshift Spear [Rating: 24] Favorites ----------- Power Ion Engine Engine Ion Engine Power Core Light Nuclear Core Propulsion Wheel Wheel Wheel Hover Unit Gravmag System Utility Medium Storage Unit Device Seismic Detector Storage Medium Storage Unit Processor Transport Network Coupler Hackware Makeshift Hacking Suite Weapon Assault Rifle Energy Gun EM Pulse Gun Ballistic Gun Assault Rifle Special Melee Weapon Datajack Build | -11 -10 -10 -10 -9 ------- Run | Yrd Mat Min Exi Min Slots Evolved . | . . . . . Power . | . . . . . Propulsion . | . . . . . Utility . | . . . . . Weapon . | . . . . . Parts Attached 25 | 6 11 3 3 2 Power 5 | 1 3 1 . . Engine 4 | 1 2 1 . . Core 1 | . 1 . . . Reactor . | . . . . . Propulsion 6 | 2 2 . 2 . Treads . | . . . . . Leg . | . . . . . Wheel 4 | 2 2 . . . Hover 2 | . . . 2 . Flight . | . . . . . Utility 6 | 1 4 . 1 . Device 2 | . 2 . . . Storage 2 | 1 1 . . . Processor 1 | . 1 . . . Hackware 1 | . . . 1 . Protection . | . . . . . Artifact . | . . . . . Weapon 8 | 2 2 2 . 2 Energy Gun 2 | 1 1 . . . Energy Cannon . | . . . . . Ballistic Gun 5 | 1 1 1 . 2 Ballistic Cannon . | . . . . . Launcher . | . . . . . Special Weapon . | . . . . . Impact Weapon . | . . . . . Slashing Weapon . | . . . . . Piercing Weapon . | . . . . . Special Melee Weapon 1 | . . 1 . . Unidentified Prototypes . | . . . . . Parts Lost 3 | . 1 1 . 1 Power . | . . . . . Propulsion 2 | . . 1 . 1 Utility . | . . . . . Weapon 1 | . 1 . . . Highest Loss Streak 1 | . 1 1 . 1 To Critical Strikes . | . . . . . Average Backups 8 | 1 7 8 8 8 Power 1 | . 1 2 1 1 Propulsion 2 | . 3 2 1 . Utility 3 | . 1 2 4 6 Weapon . | . . . 1 1 Tool/Special . | . . . . . Unused Backups 10 | . 2 . 1 7 Power 1 | . 1 . . . Propulsion 2 | . 1 . 1 . Utility 6 | . . . . 6 Weapon 1 | . . . . 1 Tool/Special . | . . . . . Average Slot Usage (%) 97 | . 96 98 96 98 Engine 12 | . 9 14 14 13 Core 1 | . 4 . . . Wheel 19 | . 28 27 10 . Hover 8 | . . . 17 27 Storage 14 | . 14 14 14 14 Processor 8 | . 9 14 7 . Hackware 3 | . . . 6 14 Energy Gun 6 | . 10 13 . . Ballistic Gun 14 | . 17 13 10 14 Special Melee Weapon 6 | . . . 14 13 Peak Build Rating 24 | 6 10 8 18 24 Average Rating 10 | 4 8 7 13 19 On Entrance 7 | . 6 8 7 18 Naked Turns . | . . . . . Heaviest Build 19 | 14 17 18 17 19 Greatest Support 32 | 32 32 26 26 18 Greatest Overweight (x) 1 | . . 1 . 1 Average Overweight (x) . | . . . . . Largest Inventory Capacity 10 | 8 10 10 10 10 Average Capacity 9 | 7 8 10 10 10 Most Carried 10 | 4 9 10 10 10 Average Carried 8 | 1 7 9 9 9 Final Capacity 10 | 8 10 10 10 10 Final Carried 10 | 4 8 10 10 10 Class Distribution -------------------- 39% | Mutant 30% | Scavenger-Mutant 29% | Commander-Mutant Dominant Class ---------------- Mutant | -10/Materials Scavenger-Mutant | -10/Mines Commander-Mutant | -10/Exiles Commander-Mutant | -9/Mines Resources | -11 -10 -10 -10 -9 ----------- Run | Yrd Mat Min Exi Min Matter Collected 751 | 160 387 105 60 39 Remotely . | . . . . . Salvage Created 580 | . 382 138 60 . Parts 37 | . 23 10 4 . Haulers Intercepted 2 | . 2 . . . Recyclers Shooed . | . . . . . Parts Field Recycled . | . . . . . Retrieved Matter . | . . . . . Parts Self-Destructed . | . . . . . Prevented . | . . . . . Kills | -11 -10 -10 -10 -9 ------- Run | Yrd Mat Min Exi Min Combat Hostiles Destroyed 14 | . 9 5 . . Guns 10 | . 6 4 . . AOE 4 | . 3 1 . . Classes Destroyed 5 | . 5 . . . Worker 1 | . 1 . . . Hauler 2 | . 2 . . . Watcher 2 | . 2 . . . Swarmer 9 | . 6 3 . . Grunt 5 | . 3 2 . . Best Kill Streak 3 | . 3 2 . . Combat Bots Only 3 | . 3 2 . . Max Kills in Single Turn 3 | . 3 1 . . Gunslinging . | . . . . . Exploded 3 | . 3 1 . . Melee . | . . . . . Uniques/NPCs Destroyed . | . . . . . Combat | -11 -10 -10 -10 -9 -------- Run | Yrd Mat Min Exi Min Hostile Shots Fired 69 | . 45 16 . 8 Missed 14 | . 13 1 . . Hits 55 | . 32 15 . 8 Projectile 55 | . 32 15 . 8 AOE 8 | . . . . 8 Damage Taken 849 | . 371 156 . 322 Core 252 | . 42 46 . 164 Absorbed by Shields . | . . . . . Core Remaining (%) 100 | 100 . . . . Volleys Fired 76 | . 52 12 9 3 Largest 2 | . 2 2 1 2 Hottest 60 | . 60 60 20 47 Shots Fired 142 | . 104 23 9 6 Gun 142 | . 104 23 9 6 Cannon . | . . . . . Launcher . | . . . . . Special . | . . . . . Kinetic 109 | . 82 12 9 6 Thermal . | . . . . . Explosive . | . . . . . Electromagnetic 33 | . 22 11 . . Robot Hit Streak 6 | . 6 4 4 2 Robot Miss Streak 4 | . 4 3 1 4 Penetration Max . | . . . . . Secondary Targets 2 | . 1 1 . . Max Gunslinging Chain 1 | . 1 1 . . Shots Hit Robots 99 | . 60 11 21 7 Core Hits 36 | . 24 7 4 1 Critical Kills . | . . . . . Critical Parts Destroyed 1 | . 1 . . . Critical Strikes 1 | . 1 . . . Destroy 1 | . 1 . . . Melee Attacks 17 | . . . 14 3 Impact . | . . . . . Slashing . | . . . . . Piercing . | . . . . . Sneak Attacks 11 | . . . 8 3 Combat Hostiles . | . . . . . Follow-up Attacks . | . . . . . Damage Inflicted 1271 | . 943 204 77 47 Guns 1039 | . 773 142 77 47 Cannons . | . . . . . Explosions 185 | . 127 58 . . Melee . | . . . . . Ramming 47 | . 43 4 . . Kinetic 799 | . 635 40 77 47 Thermal 185 | . 127 58 . . Explosive . | . . . . . Electromagnetic 240 | . 138 102 . . Impact . | . . . . . Slashing . | . . . . . Piercing . | . . . . . Highest Corruption 3 | . 3 3 3 3 Average Corruption 2 | . 1 3 3 3 Corruption Purged . | . . . . . Corruption Blocked . | . . . . . Effects 30 | . 6 8 12 4 Message Errors 5 | . 1 1 1 2 Matter Fused 8 | . 1 5 2 . Heat Flow Errors 4 | . 2 1 1 . Energy Discharges 5 | . 1 . 4 . Parts Rejected 1 | . . . . 1 Parts Fused 1 | . . . 1 . Data Loss (minor) 4 | . . . 3 1 Data Loss (major) 1 | . 1 . . . Weapon Failures 1 | . . 1 . . Overload Shots . | . . . . . Overflow Damage 1 | . 1 . . . Projectiles . | . . . . . Explosions . | . . . . . Melee 1 | . 1 . . . Knockbacks 1 | . 1 . . . Impact 1 | . 1 . . . Kinetic . | . . . . . Secondary . | . . . . . Self-Inflicted Damage 49 | . 47 2 . . Shots 1 | . 1 . . . Rammed 5 | . 4 1 . . Targets Rammed 5 | . 4 1 . . Kicked . | . . . . . Crushed . | . . . . . Highest Temperature 249 | . 244 249 128 . Average Temperature 56 | . 53 56 70 . Received Heat Transfer 168 | . 117 51 . . Effects 1 | . 1 . . . Energy Bleed 1 | . 1 . . . Siege Activations . | . . . . . Martial Activations . | . . . . . Shielding Activations . | . . . . . Robots Disrupted . | . . . . . Combat Hostiles . | . . . . . Robots Corrupted . | . . . . . Combat Hostiles . | . . . . . Parts Fried . | . . . . . Impact Corruptions 1 | . 1 . . . Robots Melted . | . . . . . Combat Hostiles . | . . . . . Parts Melted . | . . . . . Heat Transferred 100 | . 100 . . . Parts Sabotaged . | . . . . . Parts Stolen . | . . . . . Parts Stripped . | . . . . . Power Chain Reactions 3 | . 2 1 . . Alert | -11 -10 -10 -10 -9 ------- Run | Yrd Mat Min Exi Min Maximum Alert Level . | . . . . . Low Security (%) 100 | 100 100 100 . 100 Level 1 . | . . . . . Level 2 . | . . . . . Level 3 . | . . . . . Level 4 . | . . . . . Level 5 . | . . . . . High Security . | . . . . . Max Security . | . . . . . Peak Influence 129 | . 129 92 . . Initial . | . . . . . Average 40 | . 56 31 . . Influence Increases 480 | . 333 142 5 . Destroy 0b10 Robot/C 280 | . 180 100 . . Destroy 0b10 Robot/NC 30 | . 25 . 5 . Destroy Leader 68 | . 48 20 . . Successful Hack 39 | . 39 . . . Destroy Structure 18 | . 11 7 . . Partial Spotted 15 | . 15 . . . Lose Combat Pursuer 30 | . 15 15 . . Influence Decreases 480 | . 333 142 5 . Time Decay 460 | . 323 132 5 . Lost Part 20 | . 10 10 . . Squads Dispatched 2 | . 2 . . . Investigation 2 | . 2 . . . Extermination . | . . . . . Reinforcement . | . . . . . Assault . | . . . . . Garrison . | . . . . . Intercept . | . . . . . Searches Triggered . | . . . . . Construction Impeded . | . . . . . Haulers Reinforced . | . . . . . Active Scanning Responses . | . . . . . Cargo Convoy Interrupts . | . . . . . Stealth | -11 -10 -10 -10 -9 --------- Run | Yrd Mat Min Exi Min Distress Signals . | . . . . . Communications Jammed . | . . . . . Distress Signals . | . . . . . Times Spotted 31 | . 23 6 . 2 Peak Tracking Total 8 | . 8 3 . 2 Tactical Retreats 2 | . 1 1 . . Traps | -11 -10 -10 -10 -9 ------- Run | Yrd Mat Min Exi Min Traps Triggered 1 | . 1 . . . Indirectly . | . . . . . Trap Hack Attempts . | . . . . . Triggered . | . . . . . Disarmed . | . . . . . Reprogrammed . | . . . . . Reused . | . . . . . Traps Extracted . | . . . . . Installed . | . . . . . Triggered . | . . . . . Machines | -11 -10 -10 -10 -9 ---------- Run | Yrd Mat Min Exi Min Machines Disabled . | . . . . . Max in Single Turn . | . . . . . Machines Repaired . | . . . . . Machines Dismantled . | . . . . . Machines Sabotaged . | . . . . . Overloaded Fab Kills . | . . . . . Hacking | -11 -10 -10 -10 -9 --------- Run | Yrd Mat Min Exi Min Machines Accessed 9 | . 7 . 1 1 Terminals 5 | . 5 . . . Fabricators . | . . . . . Repair Stations . | . . . . . Recycling Units 2 | . 2 . . . Scanalyzers . | . . . . . Garrison Access . | . . . . . Total Hacks 24 | . 17 . 6 1 Successful 17 | . 10 . 6 1 Failed 7 | . 7 . . . Catastrophic 1 | . 1 . . . Database Lockouts . | . . . . . Manual 6 | . 5 . 1 . Terminals 12 | . 12 . . . Fabricators . | . . . . . Repair Stations . | . . . . . Recycling Units 5 | . 5 . . . Scanalyzers . | . . . . . Garrison Access . | . . . . . Terminal Hacks 14 | . 7 . 6 1 Record 7 | . 1 . 6 . Robot Analysis 1 | . 1 . . . Prototype ID Bank 3 | . 3 . . . Open Door 1 | . . . . 1 Branch Access Points 1 | . 1 . . . Alert Level 1 | . 1 . . . Fabricator Hacks . | . . . . . Repair Station Hacks . | . . . . . Recycling Unit Hacks 3 | . 3 . . . Recycle Component 1 | . 1 . . . Report Inventory 2 | . 2 . . . Scanalyzer . | . . . . . Garrison Access Hacks . | . . . . . Unauthorized Hacks . | . . . . . Terminals . | . . . . . Fabricators . | . . . . . Repair Stations . | . . . . . Recycling Units . | . . . . . Scanalyzers . | . . . . . Garrison Access . | . . . . . Data Cores Recovered . | . . . . . Used . | . . . . . Hacking Detections 5 | . 5 . . . Full Trace Events 2 | . 2 . . . Feedback Events . | . . . . . Feedback Blocked . | . . . . . Robot Schematics Acquired . | . . . . . Robots Built . | . . . . . Authchips . | . . . . . Time . | . . . . . Total Robot Build Rating . | . . . . . Part Schematics Acquired . | . . . . . Parts Built . | . . . . . Authchips . | . . . . . Time . | . . . . . Total Part Build Rating . | . . . . . Parts Repaired . | . . . . . Time . | . . . . . Parts Recycled 1 | . 1 . . . Recycled Matter . | . . . . . Retrieved Matter . | . . . . . Retrieved Components . | . . . . . Parts Scanalyzed . | . . . . . Part Schematics Acquired . | . . . . . Parts Damaged . | . . . . . Bothacking | -11 -10 -10 -10 -9 ------------ Run | Yrd Mat Min Exi Min Used RIF Installer . | . . . . . Robots Hacked 2 | . . . . 2 Non-combat 2 | . . . . 2 Combat . | . . . . . Robot Hacks Applied 2 | . . . . 2 parse_system 1 | . . . . 1 no_distress 1 | . . . . 1 Relay Couplers Released . | . . . . . Fabnet Peak Effective % . | . . . . . Robots Rewired 4 | . . . 4 . Allies Hacked . | . . . . . Hacks Repelled . | . . . . . Allies | -11 -10 -10 -10 -9 -------- Run | Yrd Mat Min Exi Min Total Allies 8 | . . 3 4 1 Largest Group 8 | . . 3 7 8 Highest-Rated Group 103 | . . 40 72 103 Highest-Rated Ally 31 | . . 16 16 31 Total Orders 6 | . . . 6 . STAY 3 | . . . 3 . FOLLOW 3 | . . . 3 . Ally Attacks 30 | . . . . 30 Total Damage 308 | . . . . 308 Kills 8 | . . . . 8 Allies Corrupted . | . . . . . Allies Melted . | . . . . . Intel | -11 -10 -10 -10 -9 ------- Run | Yrd Mat Min Exi Min Active Infowar (turns) 1478 | . 677 369 432 . Seismic 71 | . 71 . . . T.N.C. 1407 | . 606 369 432 . Robot Analysis Total 1 | . 1 . . . Derelict Logs Recovered 2 | . . 1 . 1 Drone Launches . | . . . . . Drone Recoveries . | . . . . . Exploration | -11 -10 -10 -10 -9 ------------- Run | Yrd Mat Min Exi Min Turns Passed 2352 | 64 919 369 777 223 Spaces Moved 2432 | 53 696 367 1000 316 Core 4 | 4 . . . . Treads . | . . . . . Legs . | . . . . . Wheels 1388 | 49 696 367 276 . Hover 1040 | . . . 724 316 Flight . | . . . . . Fastest Speed 50 | 50 80 80 56 56 Average Speed 73 | 96 82 86 65 59 Slowest Speed 116 | 100 100 95 90 116 Overloaded Moves . | . . . . . Propulsion Burnouts . | . . . . . Robots Hopped . | . . . . . Potential Cave-ins . | . . . . . Cave-ins Triggered . | . . . . . Exploration Rate (%) 55 | 4 65 63 92 55 Regions Visited 4 Branch Regions 3 Pre-discovered Areas . | . . . . . Known Exits Taken 1 | . 1 . . . Unknown Exits Taken 3 | 1 . 1 1 . Scrap Searched 3 | . . 1 . 2 Spaces Dug . | . . . . . Terrain Destroyed 17 | . 9 8 . . Melee . | . . . . . Projectile . | . . . . . AOE 17 | . 9 8 . . Terrain Rammed . | . . . . . Walls Destroyed . | . . . . . Machines Disabled . | . . . . . Actions | -11 -10 -10 -10 -9 --------- Run | Yrd Mat Min Exi Min Total 2850 | 62 937 395 1109 347 Wait 251 | . 166 8 61 16 Move 2428 | 52 695 366 999 316 Hop . | . . . . . Pick Up 17 | 4 3 1 6 3 Fast Attach 11 | 6 4 . 1 . Attach 3 | . 1 1 1 . Detach 3 | . 1 1 1 . Swap 14 | . 6 3 3 2 Drop 16 | . 5 2 5 4 Fire 76 | . 52 12 9 3 Melee 17 | . . . 14 3 Ram 5 | . 4 1 . . Kick . | . . . . . Crush . | . . . . . Escape Stasis . | . . . . . Rewire 9 | . . . 9 . Trap . | . . . . . Miscellaneous . | . . . . . Route ------- -11/Scrapyard -10/Materials (discovered 4 exits: [*Mat x2] / *Min x2) -10/Mines (discovered 3 exits: [*Mat x2] / *Exi) -10/Exiles (discovered 2 exits: *Min x2) -9/Mines History --------- Turn | Location | Event 2 | -11/Scrapyard | Met Revision 17 14 | -11/Scrapyard | Discovered new exit (range 16) 65 | -11/Scrapyard | Entered Materials 125 | -10/Materials | Discovered new exit (range 16) 279 | -10/Materials | Discovered new exit (range 14) 655 | -10/Materials | Discovered new exit (range 8) 663 | -10/Materials | Identified exit to Mines 877 | -10/Materials | Build established: Mutant 984 | -10/Materials | Entered Mines 985 | -10/Mines | Met a Derelict bent on vengeance 995 | -10/Mines | Found a Scrap Suit stashed away for nefarious purposes 997 | -10/Mines | Found Scrap Suit 1233 | -10/Mines | Assisted by bots powering up and referring to "LRC-V3" 1287 | -10/Mines | Discovered new exit (range 6) 1309 | -10/Mines | Discovered new exit (range 5) 1344 | -10/Mines | Deemed a non-threat by the Exiles lab entrance 1345 | -10/Mines | Discovered new exit (range 5) 1353 | -10/Mines | Entered Exiles 1353 | -10/Exiles | Found Exiles lab destroyed 1353 | -10/Exiles | Accompanied by 3 allies 1387 | -10/Exiles | Discovered new exit (range 14) 1719 | -10/Exiles | Discovered new exit (range 12) 2054 | -10/Exiles | Build established: Commander-Mutant 2130 | -10/Exiles | Entered Mines 2130 | -9/Mines | Accompanied by 7 allies 2133 | -9/Mines | Received a Mining Laser from a helpful Derelict 2141 | -9/Mines | Learned 4 Materials zone layouts 2170 | -9/Mines | Found the Drone Emporium 2172 | -9/Mines | Found Prototype Device 2188 | -9/Mines | A weapon hastily lodged in a ceiling crevice suddenly fell to the ground 2238 | -9/Mines | Found a damaged Exp. Sensor Array with a note attached 2239 | -9/Mines | Found Prototype Device 2249 | -9/Mines | Assembled infested the area 2348 | -9/Mines | Core integrity fell below 50% 2352 | -9/Mines | Core integrity fell below 20% 2353 | -9/Mines | Destroyed by D-53 Grenadier with Mini Grenade Launcher Last Messages --------------- Found 39 Matter. Acquired 39 matter. Dropped Lgt. Assault Rifle. K-01 Serf cleans the Laser Drill. K-01 Serf collects debris. K-01 Serf cleans the Laser Drill. R-06 Scavenger collects Ion Engine. The unstable cave ceiling collapses. K-01 Serf collects debris. R-06 Scavenger collects Aluminum Leg. R-06 Scavenger collects Sml. Laser. The unstable cave ceiling collapses. Gravmag System destroyed. System corrupted: Ion Engine rejected. D-53 Grenadier destroyed. R-06 Scavenger collects Aluminum Leg. K-01 Serf collects debris. The unstable cave ceiling collapses. R-06 Scavenger collects Aluminum Leg. The unstable cave ceiling collapses. Map ----- +----------------------------------------------------+ | | | | | | | | | | | | | | | | | | | | | | | | | | | ?????????????????? # ??# ????????????????????????? | | ???????????????#??? ?? ?#??????????????????????? | | ??????????????#? ?? ?# ? ######????????????????? | | ?????????????#? # ?? # ? # ###??????????????? | | ?????????????# ? % ? ? < #??????????????? | | ?????????????# ?? ? # ? #??????????????? | | ????????????? ??? # #####??????????? | | ?????????????# ???? ! * ??????????? | | ?????????????# ????? # d % ???????????? | | ????????????## #????## #?????????????? | | ?????######## ##??# # #?????????????? | | ?????# ##### #?????????????? | | ??????? """ @ % #??????????????? | | ????????## """ #?????????????? | | ?????????# """ ### % #?????????????? | | ?????????# #### r #????????????? | | ?????????# ## #??### # ##* r[%#????????????? | | ?????????## #?#[[#????# ###??###%!#????????????? | | ??????????###??# ##???# #??????# #????????????# | | ???????????????#[[ #???#u #??????# ############## | | ???????????????# #??## #??????# | | ???????????????## #### ##?????#### ########### | | ???????????????## ## #????????# #?????????# | | ???????????????# #????????# #?????????## | | ???????????????# ##????????# #??????????# | | ???????????????## u ##?????????# #??????????? | | ????????????????## ##?????????# #??????????? | | ?????????????????## #?????????# #??????????? | | ??????????????????## #?????????# #####??????? | | ???????????????????## ##?????????# #??????? | | ????????????????????# #??????????##### #??????? | | ????????????????????# ##????????????## #??????? | | ????????????????????# ##??????????## ##????## | | ????????????????????## ##?????????# #???## | | ?????????????????????# ##????????# ##??# | | ??????????????###???## ##???????# ##?# | | ?????????????## ### ##??????## ### | +----------------------------------------------------+ Best States ------------- Heat Dissipation 25 Energy Generation 14 Energy Capacity 250 Matter Stores 300 Matter Capacity 300 Sight Range 16 Terrain Scan Density 10 Additional Mass Support 6 Evasion (%) 53 Offensive Hacking 11 Item Schematics ----------------- None Robot Schematics ------------------ None Fabricated ------------ Nothing Repaired ---------- Nothing Alien Tech Used ----------------- None Achievements -------------- None Challenges ------------ None Game ------ Seed TacticalFrostShielding Manual? 0 Play Time 00:36:09 Cumulative 15.5 hours Start 2025.05.26 @ 13:58:34 End 2025.05.26 @ 14:41:00 Sessions 1 Manual Loads 0 Difficulty Rogue Special Mode None Game No. 16 Rogue 16 Adventurer 0 Explorer 0 Win Type - Total 0 Types 0/0/0/0/0/0/0/0/0/0 Lore% 10 Gallery% 19 Achievement% 19 Wizard Run 0 Options --------- Layout 1 ASCII 0 Keyboard 1 Movement Arrows Keybinds 0 Fullscreen 1 Font 24/Smallcaps Map View 50x35 Zoom Use 0% Tactical HUD 0 Map Filters NONE Filters NONE Steam 1 RUN: 10bf5920-6a15-4649-a6b9-7fe8d67050b0